 Dungeon Crawl Stone Soup version 0.29-a0-993-g4a18f31a58 (webtiles) character file.

Game seed: 10281836344875542968

6171 snetch the Cleaver (level 10, -5/132 HPs)
             Began as a Minotaur Berserker on Aug 2, 2022.
             Was an Elder of Trog.
             Blown up by Erolcha (18 damage)
             ... with a mindburst bolt
             ... on level 9 of the Dungeon.
             The game lasted 00:29:05 (10109 turns).

snetch the Cleaver (Minotaur Berserker)            Turns: 10109, Time: 00:29:05

Health: -5/132     AC: 15    Str: 31    XL:     10   Next: 60%
Magic:  9/9        EV:  7    Int:  4    God:    Trog [****..]
Gold:   225        SH:  9    Dex: 11    Spells: 9/9 levels left

rFire   . . .      SeeInvis .   a - +6 mace of the Shimmering Gods {flame, rPois rC+}
rCold   + . .      Faith    .   H - +0 kite shield
rNeg    . . .      Spirit   .   Z - +0 plate armour {Will+}
rPois   +          Reflect  .   (helmet restricted)
rElec   .          Harm     .   S - +0 cloak
rCorr   .          Rampage  .   (no gloves)
Will    +....                   (no boots)
Stlth   ..........              (no amulet)
HPRegen 0.32/turn               T - +4 ring of slaying
MPRegen 0.11/turn               Q - +6 ring of strength

@: berserking, very quick
A: horns 2, retaliatory headbutt
a: Renounce Religion, Berserk, Trog's Hand, Brothers in Arms


You were on level 9 of the Dungeon.
You worshipped Trog.
Trog was greatly pleased with you.
You visited 2 branches of the dungeon, and saw 10 of its levels.

You collected 611 gold pieces.
You spent 386 gold pieces at shops.

Inventory:

Hand Weapons
 a - the +6 mace of the Shimmering Gods (weapon) {flame, rPois rC+}
   (You bought it in a shop on level 4 of the Dungeon)

   It burns those it strikes, dealing additional fire damage.
   rC:        It protects you from cold.
   rPois:     It protects you from poison.
 b - a +0 broad axe
 c - a +0 trident
 d - a +2 hand axe of flaming
 P - a +1 antimagic mace
Missiles
 e - 68 stones
 z - 35 poisoned darts
 F - a throwing net
 L - 9 boomerangs (quivered)
 R - 4 curare-tipped darts
Armour
 y - the +0 cloak of Terror {rPois rF- MP-9 Dex+10}
   (You found it on level 4 of the Dungeon)

   Dex:       It affects your dexterity (+10).
   rF:        It makes you vulnerable to fire.
   rPois:     It protects you from poison.
   MP:        It affects your magic capacity (-9).
 H - a +0 kite shield (worn)
 S - a +0 cloak (worn)
 Z - a +0 plate armour of willpower (worn)
Jewellery
 i - a ring of see invisible
 w - a ring of positive energy
 D - a +4 ring of protection
 Q - a +6 ring of strength (right hand)
 T - a +4 ring of slaying (left hand)
 U - a +6 ring of intelligence
 X - a ring of flight
Wands
 x - a wand of charming (2)
Scrolls
 f - 2 scrolls of blinking {unknown}
 g - 4 scrolls of enchant armour
 h - 5 scrolls of identify {unknown}
 j - a scroll of enchant weapon {unknown}
 k - 4 scrolls of silence {unknown}
 q - 4 scrolls of brand weapon
 r - 2 scrolls of poison {unknown}
 t - 3 scrolls of immolation {unknown}
 u - a scroll of fear {unknown}
 v - a scroll of vulnerability {unknown}
 A - 3 scrolls of teleportation {unknown}
 E - a scroll of amnesia {unknown}
 M - a scroll of magic mapping {unknown}
 V - 2 scrolls of noise {unknown}
 W - a scroll of torment {unknown}
Potions
 l - 4 potions of curing
 m - 4 potions of lignification {unknown}
 n - 3 potions of invisibility {unknown}
 o - 2 potions of flight {unknown}
 p - a potion of heal wounds {unknown}
 s - a potion of mutation {unknown}
 B - 4 potions of attraction {unknown}
 C - 4 potions of might {unknown}
 G - 2 potions of degeneration {unknown}
 J - 3 potions of brilliance
 N - a potion of resistance {unknown}


   Skills:
 + Level 7.9 Fighting
 + Level 11.0(12.0) Axes
 + Level 7.7(10.4) Maces & Flails
 + Level 3.5 Throwing
 + Level 9.7 Armour
 + Level 3.5 Dodging
 + Level 1.7 Stealth
 + Level 4.9 Shields
 + Level 0.1 Evocations


You had 9 spell levels left.
You didn't know any spells.
Your spell library contained the following spells:

 Spells                   Type           Power      Damage    Failure   Level
 Slow                     Hex            0%         N/A       100%        1
 Ensorcelled Hibernation  Hex/Ice        0%         N/A       100%        2
 Passwall                 Tmut/Erth      0%         N/A       100%        2
 Confusing Touch          Hex            0%         N/A       100%        3
 Frozen Ramparts          Ice            0%         1d8       100%        3
 Swiftness                Air            0%         N/A       100%        3
 Vampiric Draining        Necr           0%         2d6       100%        3
 Ice Form                 Ice/Tmut       0%         N/A       100%        4
 Summon Ice Beast         Ice/Summ       0%         N/A       100%        4


Dungeon Overview and Level Annotations

Branches:
Dungeon (9/15)             Temple (1/1) D:5            Lair (0/5) D:8
    Orc (0/2) D:9

Altars:
Ashenzari
Cheibriados
Dithmenos
Elyvilon
Fedhas
Gozag
Hepliaklqana
Kikubaaqudgha
Makhleb
Nemelex Xobeh
Okawaru
Qazlal
Ru
Sif Muna
Trog
Uskayaw
Vehumet
Wu Jian
Xom
Yredelemnul
The Shining One

Shops:
D:4 *(

Annotations:
D:9 Amaemon, Erolcha


Innate Abilities, Weirdness & Mutations

You have a pair of horns on your head.
You reflexively headbutt those who attack you in melee.


Message History

Things that are here:
a +0 hand axe; a +0 leather armour; an orc corpse
z - 35 poisoned darts (gained 4)
Things that are here:
a +0 whip; a kobold corpse
Things that are here:
a +0 whip; a +0 leather armour
e - 68 stones (gained 5) Erolcha the Cunning comes into view.
She is wielding a +0 giant spiked club and carrying a wand of mindburst (10).
Found a hide-covered altar of Uskayaw.
Erolcha shouts!
You throw a boomerang. The boomerang barely misses Erolcha.
Erolcha drinks a potion.
Erolcha's spells are empowered!
You throw a boomerang. The boomerang hits Erolcha.
Erolcha is lightly wounded.
Throw: 9 boomerangs
Press: ? - help, Q - select action, (/) - cycle Shift-Dir - straight line, f/p - Erolcha
Aim: Erolcha, wielding a +0 giant spiked club, wearing a +0 robe and carrying a wand of mindburst (10) (lightly wounded, spells empowered, 75% to hit)
Okay, then.
You throw a boomerang. The boomerang hits Erolcha.
Erolcha is lightly wounded.
Erolcha zaps a wand.
Your mind is blasted!
Erolcha gestures wildly while chanting.
Erolcha blinks!
You throw a boomerang. The boomerang closely misses Erolcha.
Erolcha points at you and mumbles some strange words.
The fireball explodes!
The fireball engulfs you!! Erolcha casts a spell at you.
The fireball explodes!
The fireball engulfs you!!!
* * * LOW HITPOINT WARNING * * *
A red film seems to cover your vision as you go berserk!
You feel yourself moving faster!
You feel mighty!
Erolcha tries to grin evilly.
Erolcha mumbles some strange words.
Erolcha flickers and vanishes!
Deactivating autopickup; reactivate with Ctrl-A.
You feel a strong urge to attack something.
You hear a zap.
Your mind is blasted!
You die...

.........#.............#
#.....
.........#..)..........#
###...
.........#.))..........#
...
.........#)............#
...
........)......#'####'##.
.....)..........>##.....#
.......)..#...##{.'.....#
#####.)...#...##.##.....#
#.....#...##@# ....#
#.....#...##.# ....
#.....######.# ...
#.....# #.# ..
####.....######.# _
#...............#
#.############### #.# #.#


There were no monsters in sight!

Vanquished Creatures
  A two-headed ogre (D:8)
  Pikel (D:8)
  An oklob plant (D:8)
  An orange demon (D:9)
  A troll (D:8)
  3 steam dragons
  2 water moccasins
  4 orc warriors
  4 black bears
  An ice beast (D:8)
  A sky beast (D:7)
  A wolf (D:8)
  3 centaurs (D:9)
  A phantom (D:5)
  4 lemures (D:8)
  3 kobold brigands (D:9)
  A gnoll sergeant (D:6)
  A bullfrog (D:6)
  3 necrophages (D:6)
  4 scorpions
  A howler monkey (D:5)
  4 electric eels (D:8)
  7 hounds
  11 jellies
  3 orc priests
  4 iguanas (D:6)
  Terence (D:2)
  16 orc wizards
  A killer bee zombie (D:8)
  A howler monkey zombie (D:8)
  4 adders
  3 gnolls (D:6)
  A shadow imp (D:6)
  A white imp (D:6)
  2 worms (D:2)
  2 dart slugs
  35 orcs
  5 ball pythons
  16 endoplasms
  5 giant cockroaches
  4 goblins
  15 hobgoblins
  2 jackals (D:4)
  16 kobolds
  3 quokkas
  3 bats
  5 frilled lizards
  3 rats
  A spectral goblin (D:1)
216 creatures vanquished.

Vanquished Creatures (others)
  6 fungi (D:8)
6 creatures vanquished.

Grand Total: 222 creatures vanquished

Notes
Turn   | Place    | Note
-------+----------+-------------------------------------------
     0 | D:1      | snetch the Minotaur Berserker began the quest for the Orb.
     0 | D:1      | Reached XP level 1. HP: 19/19 MP: 0/0
   246 | D:1      | Found a faded altar of an unknown god.
   253 | D:1      | Reached XP level 2. HP: 27/27 MP: 1/1
   274 | D:1      | Reached skill level 4 in Axes
   612 | D:2      | Noticed Terence
   617 | D:2      | Killed Terence
   618 | D:2      | Reached XP level 3. HP: 34/34 MP: 2/2
  1014 | D:3      | Found a blossoming altar of Fedhas.
  1096 | D:4      | Found Unkuc's General Store.
  1228 | D:2      | Reached ** piety under Trog
  1273 | D:2      | Reached XP level 4. HP: 37/41 MP: 3/3
  1891 | D:3      | Reached skill level 5 in Axes
  1932 | D:4      | Bought a scroll of brand weapon for 95 gold pieces
  1932 | D:4      | Bought a scroll of enchant armour for 75 gold pieces
  1982 | D:4      | Found Zyantuddogey's Antique Weapon Shoppe.
  2301 | D:4      | Identified the +0 cloak of Terror {rPois rF- MP-9 Dex+10}
  2383 | D:4      | Noticed a black bear
  2394 | D:4      | Killed a black bear
  2395 | D:4      | Reached skill level 5 in Fighting
  2395 | D:4      | Reached XP level 5. HP: 48/48 MP: 4/4
  2447 | D:5      | Entered Level 5 of the Dungeon
  2463 | D:5      | Reached skill level 6 in Axes
  2463 | D:5      | Reached XP level 6. HP: 44/56 MP: 5/5
  2774 | D:4      | Reached skill level 7 in Axes
  3002 | D:6      | Found a runed translucent door.
  3243 | D:6      | Reached XP level 7. HP: 54/62 MP: 6/6
  3256 | D:5      | Reached *** piety under Trog
  3301 | D:6      | Noticed a steam dragon
  3312 | D:6      | Killed a steam dragon
  3313 | D:6      | Reached skill level 8 in Axes
  3313 | D:6      | Reached skill level 5 in Armour
  3361 | D:6      | HP: 2/62 [iguana (10)]
  3657 | D:4      | Bought a crude mace for 216 gold pieces
  3657 | D:4      | Identified the +6 mace of the Shimmering Gods {flame, rPois
                  | rC+} (You bought it in a shop on level 4 of the Dungeon)
  3776 | D:6      | Reached XP level 8. HP: 65/70 MP: 7/7
  3798 | D:6      | Reached skill level 9 in Axes
  3976 | D:5      | Found a staircase to the Ecumenical Temple.
  3985 | Temple   | Entered the Ecumenical Temple
  4268 | D:5      | Reached skill level 1 in Stealth
  4714 | D:6      | Found a stormy altar of Qazlal.
  4720 | D:6      | Found a burning altar of Makhleb.
  4725 | D:6      | Found an ancient bone altar of Kikubaaqudgha.
  4777 | D:6      | Reached skill level 1 in Maces & Flails
  5911 | D:6      | Reached XP level 9. HP: 65/78 MP: 8/8
  6109 | D:6      | Reached skill level 5 in Maces & Flails
  6184 | D:6      | Reached skill level 10 in Axes
  6984 | D:8      | Noticed a two-headed ogre
  6990 | D:8      | Killed a two-headed ogre
  6991 | D:8      | Reached skill level 1 in Shields
  7416 | D:8      | Noticed an oklob plant
  7438 | D:8      | Reached **** piety under Trog
  7442 | D:8      | Reached skill level 11 in Axes
  7907 | D:8      | Found a shimmering blue altar of Sif Muna.
  7973 | D:8      | Reached skill level 1 in Throwing
  7997 | D:8      | Noticed a troll
  8005 | D:8      | Killed a troll
  8006 | D:8      | Reached XP level 10. HP: 75/86 MP: 9/9
  8827 | D:8      | Found a staircase to the Lair.
  9060 | D:8      | Found a basalt altar of Yredelemnul.
  9378 | D:8      | Noticed Pikel
  9402 | D:8      | Killed Pikel
  9637 | D:8      | Killed an oklob plant
  9872 | D:9      | Noticed an orange demon
  9873 | D:9      | Noticed Amaemon
  9899 | D:9      | Killed an orange demon
  9999 | D:9      | Found a staircase to the Orcish Mines.
 10100 | D:9      | Found a hide-covered altar of Uskayaw.
 10100 | D:9      | Noticed Erolcha
 10109 | D:9      | Blown up by Erolcha

Illustrated notes

Levels and vault maps discovered:
D:1:      sevenhm_arrival_forest_fort_small_6, layout_loops_ring,
          dreamdust_ecumenical_altar_drowned_temple, minmay_misc_feat_doors,
          chequers_serial_rivers_micro_b, chequers_hall_statues_y,
          dreamdust_mushroom_princess, minmay_3d_cube
D:2:      kb_forest_paths, layout_rooms, minmay_misc_feat_hallway,
          minmay_misc_feat_iff, minmay_bisected, uniq_terence
D:3:      layout_rooms, fedhas_altar_3, wad_floor_pattern_untrapped
D:4:      layout_basic, serial_shops, nicolae_shop_waterfront,
          nicolae_take_the_stairs
D:5:      layout_basic, temple_fountains, palyth_stone_intersect
D:6:      minmay_flawed_box, layout_cave_pools,
          minmay_overflow_temple_star_quad, grunt_decor_junction,
          grunt_ministairs_12, chequers_serial_rivers_micro_e,
          lightli_church_of_beogh
D:7:      layout_loops_corners
D:8:      lemuel_slime, layout_loops_cross, mainiacjoe_overflow_alcove_2,
          lemuel_zombie_altar_yredelemnul, erik_lair_island,
          kennysheep_generic_room_14, uniq_pikel
D:9:      layout_basic, dancing_weapons_uskayaw, orc_0_dummy,
          lemuel_old_faithful, uniq_erolcha, uniq_amaemon, uniq_harold
Temple:   eino_narrow_crystal_temple

Skill      XL: |  1  2  3  4  5  6  7  8  9 10 |
---------------+-------------------------------+-----
Axes           | 4 5 6 7 8 9 11 | 11.0
Fighting       | 4 5 6 7 |  7.9
Armour         | 3 4 5 7 9 |  9.7
Dodging        | 3 |  3.5
Stealth        | 1 |  1.7
Maces & Flails | 4 6 7 |  7.7
Shields        | 2 4 |  4.9
Throwing       | 2 3 |  3.5
Evocations     | |  0.1

Action                   |  1- 3 |  4- 6 |  7- 9 | 10-12 || total
-------------------------+-------+-------+-------+-------++-------
Melee: Hand axe          |    71 |    23 |       |       ||    94
       Headbutt          |     8 |    17 |    33 |    17 ||    75
       Broad axe         |       |    60 |    48 |       ||   108
       Punch             |       |     1 |     2 |       ||     3
       Mace              |       |       |   145 |    74 ||   219
Throw: Stone             |       |     2 |       |       ||     2
       Dart              |       |       |     7 |       ||     7
       Boomerang         |       |       |    13 |    57 ||    70
Invok: Berserk           |     1 |     2 |     5 |     2 ||    10
       Trog's Hand       |       |       |     3 |     1 ||     4
Evoke: Wand              |       |       |       |     2 ||     2
  Use: Potion            |       |       |     1 |       ||     1
Armor: Animal skin       |     3 |       |       |       ||     3
       Ring mail         |     4 |       |       |       ||     4
       Scale mail        |    11 |    13 |       |       ||    24
       Chain mail        |       |    46 |    88 |       ||   134
       Plate armour      |       |       |    27 |    35 ||    62
Dodge: Dodged            |    52 |    51 |    70 |    20 ||   193
Block: Kite shield       |       |       |    41 |    24 ||    65

Table legend: (Time is in decaauts)
 A = Elapsed time spent in this place.
 B = Non-inter-level travel time spent in this place.
 C = Inter-level travel time spent in this place.
 D = Time resting spent in this place.
 E = Time spent auto-exploring this place.
 F = Levels seen in this place.
 G = Mean time per level.
                   A        B        C        D        E       F      G
               +--------+--------+--------+--------+--------+-----+--------+
         Total |  10296 |   9906 |    390 |   1586 |   5633 |  10 | 1029.6 |
       Dungeon |  10165 |   9784 |    381 |   1586 |   5519 |   9 | 1129.4 |
        Temple |    130 |    121 |      9 |      0 |    114 |   1 |  130.0 |
               +--------+--------+--------+--------+--------+-----+--------+

Top non-repeatable levels by time:
     D:8: 2633 daAuts
     D:7: 1571 daAuts
     D:5: 1300 daAuts
     D:6: 1249 daAuts
     D:1: 955 daAuts
     D:4: 943 daAuts
     D:2: 723 daAuts
     D:3: 435 daAuts
     D:9: 352 daAuts
  Temple: 130 daAuts
